 Dungeon Crawl Stone Soup version 0.31-a0-466-g98c9adc2b6 (webtiles) character file.

Game seed: 16135875819470810865

289 ryw the Ruffian (level 6, -1/61 HPs)
             Began as a Troll Fighter on Aug 5, 2023.
             Was an Initiate of Okawaru.
             Slain by a hobgoblin (5 damage)
             ... led by Robin
             ... on level 4 of the Dungeon.
             The game lasted 00:06:14 (2411 turns).

ryw the Ruffian (Troll Fighter)                     Turns: 2411, Time: 00:06:14

Health: -1/61      AC:  4    Str: 27    XL:     6   Next: 9%
Magic:  5/5        EV:  9    Int:  4    God:    Okawaru [......]
Gold:   146        SH:  0    Dex:  9    Spells: 5/5 levels left

rFire   . .          .
                       - Unarmed
rCold   . . .        b - +0 kite shield
rNeg    . . .        a - +0 robe
rPois   .            (helmet restricted)
rElec   .            (no cloak)
rCorr   .            (gloves unavailable)
SInv    .            (boots unavailable)
Will    .....        (no amulet)
Stlth   +            (no ring)
HPRegen 1.10/turn    (no ring)
MPRegen 0.09/turn

%: no passive effects
@: confused, ambrosia-drunk
A: large, unfitting armour, claws 3, regeneration 1, shaggy fur 1, tough skin 1
a: Renounce Religion


You were on level 4 of the Dungeon.
You worshipped Okawaru.
Okawaru was noncommittal.
You visited 1 branch of the dungeon, and saw 4 of its levels.

You collected 146 gold pieces.

Inventory:

Missiles
 g - 33 stones
 m - 4 boomerangs (quivered)
Armour
 a - a +0 robe (worn)
 b - a +0 kite shield (worn)
Scrolls
 l - 2 scrolls of immolation
Potions
 c - a potion of might
 d - a potion of degeneration
 e - a potion of berserk rage {unknown}
 f - a potion of lignification
 i - a potion of enlightenment {unknown}
 j - a potion of curing {unknown}
 k - a potion of mutation {unknown}


   Skills:
 + Level 3.2 Fighting
 + Level 1.3 Throwing
 + Level 3.2 Dodging
 + Level 3.5 Shields
 * Level 4.2 Unarmed Combat


You had 5 spell levels left.
You didn't know any spells.
Your spell library contained the following spells:

 Spells                   Type           Power      Damage    Failure   Level
 Ozocubu's Armour         Ice            0%         N/A       98%         3
 Metabolic Englaciation   Hex/Ice        0%         N/A       100%        5
 Simulacrum               Ice/Necr       Unusable   N/A       N/A         6

Dungeon Overview and Level Annotations

Branches:
Dungeon (4/15)
 Temple: D:4-7

Altars:
Okawaru
Yredelemnul

Shops:
D:2 *

Annotations:
D:4 Robin


Innate Abilities, Weirdness & Mutations

You are too large for most types of armour.
You have claws for hands.
Your natural rate of healing is unusually fast.
You are covered in fur. (AC +1)
You have tough skin. (AC +1)


Message History

The hobgoblin hits you. You block the hobgoblin's attack.
You claw Robin!
Robin is heavily wounded.
The hobgoblin hits you. The hobgoblin barely misses you.
Robin hits you with a +0 mace!
* * * LOW HITPOINT WARNING * * *
You barely miss Robin.
Robin is heavily wounded.
You block Robin's attack.
The hobgoblin hits you but does no damage.
The hobgoblin barely misses you.
You closely miss Robin.
Robin is heavily wounded.
Robin hits you with a +0 mace.
* * * LOW HITPOINT WARNING * * *
You block the hobgoblin's attack. The hobgoblin hits you.
* * * LOW HITPOINT WARNING * * *
As you read the scroll labelled LUSIMOTOOTZ, it crumbles to dust.
The creatures around you are filled with an inner flame!
It was a scroll of immolation.
The hobgoblin hits you but does no damage.
You block Robin's attack. You block the hobgoblin's attack.
You barely miss Robin.
Robin is heavily wounded.
The hobgoblin hits you.
* * * LOW HITPOINT WARNING * * *
The hobgoblin hits you but does no damage.
Robin hits you with a +0 mace.
* * * LOW HITPOINT WARNING * * *
You completely miss Robin.
Robin is heavily wounded.
The hobgoblin hits you.
* * * LOW HITPOINT WARNING * * *
Robin barely misses you. The hobgoblin hits you.
* * * LOW HITPOINT WARNING * * *
You are confused.
You feel invigorated. Robin hits you with a +0 mace.
* * * LOW HITPOINT WARNING * * *
The hobgoblin hits you.
You die...

#########
#...[...#
#.......#
#.......#
#)g.....+
#@g.....#
##g.....#
##....>.##
#........#
#........#
#........#
#........'
#.......##
##......##


You could see Robin (inner flame) and 2 hobgoblins.

Vanquished Creatures
  A black bear (D:2)
  An orc priest (D:4)
  6 adders (D:2)
  4 worms
  3 dart slugs
  4 orcs
  8 ball pythons
  3 endoplasms
  4 giant cockroaches
  19 goblins
  5 hobgoblins
  8 jackals
  3 quokkas
  7 bats
  3 frilled lizards
  9 kobolds
  5 rats
  A spectral orc (D:3)
94 creatures vanquished.

Notes
Turn   | Place    | Note
-------+----------+-------------------------------------------
     0 | D:1      | ryw the Troll Fighter began the quest for the Orb.
     0 | D:1      | Reached XP level 1. HP: 22/22 MP: 0/0
    81 | D:1      | Reached XP level 2. HP: 29/29 MP: 1/1
   371 | D:1      | Reached XP level 3. HP: 29/36 MP: 2/2
   779 | D:2      | Reached skill level 3 in Unarmed Combat
   830 | D:2      | Reached XP level 4. HP: 44/44 MP: 3/3
   853 | D:2      | Noticed a black bear
  1400 | D:2      | Killed a black bear
  1401 | D:2      | Reached skill level 1 in Throwing
  1401 | D:2      | Reached XP level 5. HP: 35/53 MP: 4/4
  1649 | D:2      | Found Pemo's Assorted Antiques.
  1709 | D:3      | Reached skill level 4 in Unarmed Combat
  1779 | D:3      | Found an iron altar of Okawaru.
  1790 | D:3      | Became a worshipper of Warmaster Okawaru
  1982 | D:3      | Found a basalt altar of Yredelemnul.
  2194 | D:4      | Noticed a phantom
  2245 | D:4      | Identified the +7 trident of Dabbim {heavy, *Corrode rElec
                  | Dex+8 Stlth-}
  2328 | D:4      | Reached XP level 6. HP: 43/61 MP: 5/5
  2337 | D:4      | Noticed Robin
  2411 | D:4      | Slain by a hobgoblin

Illustrated notes

Levels and vault maps discovered:
D:1:      minmay_arrival_open_corners, layout_basic, minmay_pentomino_s2
D:2:      layout_loops_ring, serial_shops, shop
D:3:      layout_rooms, yredelemnul_forgotten_temple_becter,
          okawaru_ov_weapons_minmay
D:4:      layout_gridville, kennysheep_mini_moat, mainiacjoe_overflow_alcove_2,
          nicolae_overflow_hidden_temple, uniq_robin

Skill      XL: |  1  2  3  4  5 |
---------------+----------------+-----
Shields        | 3 |  3.5
Unarmed Combat | 3 4 |  4.2
Fighting       | 3 |  3.2
Throwing       | 1 |  1.3
Dodging        | 3 |  3.2

Action                     |  1- 3 |  4- 6 || total
---------------------------+-------+-------++-------
  Melee: Unarmed           |    97 |   167 ||   264
  Throw: Stone             |       |     4 ||     4
    Use: Scroll            |       |     6 ||     6
         Potion            |       |     1 ||     1
   Stab: Sleeping          |     1 |     1 ||     2
 Armour: Robe              |    25 |    54 ||    79
  Dodge: Dodged            |    39 |    81 ||   120
  Block: Kite shield       |    37 |   105 ||   142

Table legend: (Time is in decaauts)
 A = Elapsed time spent in this place.
 B = Non-inter-level travel time spent in this place.
 C = Inter-level travel time spent in this place.
 D = Time resting spent in this place.
 E = Time spent auto-exploring this place.
 F = Levels seen in this place.
 G = Mean time per level.
                   A        B        C        D        E       F      G
               +--------+--------+--------+--------+--------+-----+--------+
         Total |   2426 |   2226 |    200 |     42 |   1492 |   4 |  606.5 |
       Dungeon |   2426 |   2226 |    200 |     42 |   1492 |   4 |  606.5 |
               +--------+--------+--------+--------+--------+-----+--------+

Top non-repeatable levels by time:
     D:1: 885 daAuts
     D:2: 822 daAuts
     D:3: 486 daAuts
     D:4: 232 daAuts
